 Dungeon Crawl Stone Soup version 0.19.1 (webtiles) character file.

110 Peloso the Shield-Bearer (level 5, -1/36 HPs)
             Began as a Halfling Fighter on Dec 16, 2016.
             Killed from afar by lupus83's ghost (16 damage)
             ... with a stone arrow
             ... on level 3 of the Dungeon.
             The game lasted 00:02:58 (1624 turns).

Peloso the Shield-Bearer (Halfling Fighter)         Turns: 1624, Time: 00:02:59

Health: -1/36      AC:  8    Str: 18    XL:     5   Next: 14%
Magic:  5/5        EV: 10    Int:  6    God:
Gold:   66         SH: 10    Dex: 14    Spells: 0 memorised, 4 levels left

rFire  . . .     SeeInvis .     a - +0 long sword
rCold  . . .     Gourm    .     b - +0 scale mail
rNeg   . . .     Faith    .     c - +0 shield
rPois  .         Spirit   .     l - +0 helmet
rElec  .         Reflect  .     (no cloak)
rCorr  .         Harm     .     (no gloves)
MR     .....                    (no boots)
Stlth  ..........               (no amulet)
                                (no ring)
                                (no ring)

@: no status effects
A: mutation resistance 1
a: no special abilities


You were on level 3 of the Dungeon.
You were hungry.

You visited 1 branch of the dungeon, and saw 3 of its levels.

You collected 66 gold pieces.

Inventory:

Hand Weapons
 a - a +0 long sword (weapon)
Armour
 b - a +0 scale mail (worn)
 c - a +0 shield (worn)
 l - a +0 helmet (worn)
Scrolls
 e - a scroll of recharging {unknown}
 g - 2 scrolls of remove curse {unknown}
 h - a scroll of noise {unknown}
 k - 2 scrolls of identify {unknown}
 n - a scroll of enchant armour {unknown}
 o - a scroll of random uselessness {unknown}
 q - a scroll of fog {unknown}
Potions
 d - a potion of might
 i - a potion of resistance {unknown}
 j - a potion of curing {unknown}
 m - a potion of brilliance {unknown}
Comestibles
 f - a bread ration


   Skills:
 + Level 3.1 Fighting
 + Level 3.1 Long Blades
 + Level 3.7 Armour
 + Level 1.3 Dodging
 + Level 4.1 Shields


You had 4 spell levels left.
You didn't know any spells.

Dungeon Overview and Level Annotations

Branches:
Dungeon (3/15)

Altars:
Okawaru

Annotations:
D:3 lupus83's ghost, amateur GrEE


Innate Abilities, Weirdness & Mutations

You are small and have problems with some larger weapons.
You are somewhat resistant to further mutation.


Message History

A worm comes into view.
You hit lupus83's ghost but do no damage.
Lupus83's ghost is moderately damaged.
Lupus83's ghost hits you.
You hit lupus83's ghost.
Lupus83's ghost is heavily damaged.
Lupus83's ghost hits you but does no damage.
Lupus83's ghost points at you and mumbles some strange words.
The stone arrow hits you!
You hit lupus83's ghost but do no damage.
Lupus83's ghost is heavily damaged.
Lupus83's ghost closely misses you.
You hit lupus83's ghost.
Lupus83's ghost is heavily damaged.
Lupus83's ghost hits you but does no damage.
You hit lupus83's ghost.
Lupus83's ghost is severely damaged.
Lupus83's ghost casts a spell at you. The stone arrow hits you!
You die...

##.. .#
...###%###
#........
.!..... .
..... ... #
..(##....
#.#..w.....
#..@W#
####.# .#
.# .+ .# .#
..


You could see a worm and lupus83's ghost.

Vanquished Creatures
  A gnoll (D:1)
  5 adders (D:2)
  2 leopard geckos (D:1)
  3 giant cockroaches
  9 goblins
  10 hobgoblins
  10 kobolds
  A ball python (D:1)
  6 bats
  2 frilled lizards (D:2)
  2 rats
51 creatures vanquished.

Notes
Turn   | Place    | Note
-------+----------+-------------------------------------------
     0 | D:1      | Peloso the Halfling Fighter began the quest for the Orb.
     0 | D:1      | Reached XP level 1. HP: 15/15 MP: 1/1
   132 | D:1      | Reached XP level 2. HP: 13/20 MP: 2/2
   187 | D:1      | Reached XP level 3. HP: 15/25 MP: 3/3
   297 | D:1      | Reached skill level 4 in Shields
   661 | D:2      | Reached XP level 4. HP: 31/31 MP: 4/4
   664 | D:2      | Reached skill level 1 in Dodging
  1281 | D:2      | Found an iron altar of Okawaru.
  1352 | D:2      | Reached XP level 5. HP: 32/36 MP: 5/5
  1609 | D:3      | Noticed lupus83's ghost (amateur GrEE)
  1624 | D:3      | Killed from afar by lupus83's ghost

Skill      XL: |  1  2  3  4 |
---------------+-------------+-----
Shields        | 4 |  4.1
Fighting       | 3 |  3.1
Dodging        | 1 |  1.3
Long Blades    | 3 |  3.1
Armour         | |  3.7

Action                   |  1- 3 |  4- 6 || total
-------------------------+-------+-------++-------
Melee: Long sword        |    95 |   112 ||   207
  Eat: Chunk             |       |     2 ||     2
Armor: Scale mail        |    36 |    57 ||    93
Dodge: Dodged            |    40 |    36 ||    76
Block: Shield            |    54 |    67 ||   121
       Rpst.: Long sword |    12 |     8 ||    20
